 Dungeon Crawl Stone Soup version 0.21-a0-404-g291f19a (webtiles) character file.

23 exp172 the Chucker (level 2, 0/24 HPs)
             Began as a Centaur Hunter on Oct 31, 2017.
             Slain by an adder (5 damage)
             ... on level 2 of the Dungeon.
             The game lasted 00:07:56 (834 turns).

exp172 the Chucker (Centaur Hunter)                  Turns: 834, Time: 00:07:57

Health: 0/24       AC:  4    Str: 14    XL:     2   Next: 72%
Magic:  2/2        EV:  9    Int: 10    God:
Gold:   45         SH:  0    Dex:  9    Spells: 1/1 levels left

rFire    . . .     SeeInvis .   a - +0 short sword
rCold    . . .     Gourm    +   (no shield)
rNeg     . . .     Faith    .   b - +0 leather armour
rPois    .         Spirit   .   (no helmet)
rElec    .         Reflect  .   (no cloak)
rCorr    .         Harm     .   (no gloves)
MR       .....     Rnd*Tele +   (no barding)
Stlth    +.........             e - amulet of the gourmand
HPRegen  0.08/turn              j - ring of teleportation (curse)
MPRegen  0.08/turn              (no ring)

@: lethally poisoned (0 -> -4), very quick
A: hooves 3, deformed body, speed 2, tough skin 3
a: no special abilities


You were on level 2 of the Dungeon.
You were not hungry.

You visited 1 branch of the dungeon, and saw 2 of its levels.

You collected 45 gold pieces.

Inventory:

Hand Weapons
 a - a +0 short sword (weapon)
Missiles
 d - 2 throwing nets
 g - 5 javelins (quivered)
 h - 22 bolts
 i - a tomahawk
 k - 47 stones
 m - 20 arrows
Armour
 b - a +0 leather armour (worn)
Jewellery
 e - an amulet of the gourmand (around neck)
 j - a cursed ring of teleportation (left hand)
 o - an uncursed ring of protection from magic {unknown}
Scrolls
 l - a scroll of identify
 n - 2 scrolls of recharging
Comestibles
 c - 2 royal jellies
 f - a bread ration


   Skills:
 + Level 2.0 Fighting
 + Level 0.2 Short Blades
 * Level 5.1 Throwing
 + Level 1.5 Dodging
 + Level 0.4 Stealth


You had one spell level left.
You didn't know any spells.

Dungeon Overview and Level Annotations

Branches:
Dungeon (2/15)

Altars:


Innate Abilities, Weirdness & Mutations

You have hooves in place of feet.
Armour fits poorly on your strangely shaped body.
You cover ground very quickly.
You have extremely tough skin. (AC +3)


Message History

The adder bites you.
You are more poisoned.
The adder poisons you!
You hit the adder but do no damage. Your kick misses the adder.
You feel sick. The rat closely misses you. The adder bites you.
The rat bites you but does no damage.
You hit the adder. Your kick misses the adder.
The adder is heavily wounded.
The adder barely misses you. The adder bites you but does no damage.
The rat bites you.
* * * LOW HITPOINT WARNING * * *
You feel sick. The adder closely misses you.
* * * LOW HITPOINT WARNING * * *
You feel sick.
* * * LOW HITPOINT WARNING * * *
You feel sick.
You barely miss the adder. Your kick misses the adder.
The adder is heavily wounded.
The adder bites you.
You die...

.........<# #.#
#.#####†#.####.######
. #.#...........# ..
#.######.####.# ..
#.######.####.#
..#.###........##...#
........#########.#.#
###.##### ####.#.# #
#.S@.#....#
#.#######.# #....# #
####r# # #.#.# #...#
##.## .# ..


You could see an adder.

Vanquished Creatures
  A dart slug (D:2)
  2 leopard geckos (D:1)
  5 bats (D:1)
  3 giant cockroaches
  A goblin (D:1)
  A hobgoblin (D:1)
  A ball python (D:2)
  2 kobolds (D:1)
  A rat (D:1)
17 creatures vanquished.

Notes
Turn   | Place    | Note
-------+----------+-------------------------------------------
     0 | D:1      | exp172 the Centaur Hunter began the quest for the Orb.
     0 | D:1      | Reached XP level 1. HP: 17/17 MP: 1/1
   169 | D:1      | Reached XP level 2. HP: 22/24 MP: 2/2
   337 | D:1      | Reached skill level 5 in Throwing
   834 | D:2      | Slain by an adder

Vault maps used:
D:1:      dpeg_arrival_pits
D:2:      serial_bayou_pond_a

Skill      XL: |  1  2 |
---------------+-------+-----
Throwing       | 5 |  5.1
Fighting       | |  2.0
Short Blades   | |  0.2
Dodging        | |  1.5
Stealth        | |  0.4

Action                   || total
-------------------------++-------
Melee: Short sword       ||    57
       Kick              ||     6
Throw: Javelin           ||    21
  Use: Scroll            ||     2
  Eat: Chunk             ||     4
Armor: Leather armour    ||    31
Dodge: Dodged            ||    35

Table legend:
 A = Spawn XP
 B = Non-spawn XP
 C = Spawn XP percentage of total XP
 D = Spawn monster count
 E = Non-spawn monster count
 F = Spawn count percentage of total count
 G = Total turns spent on level
                    A         B        C        D         E        F      G
               +---------+---------+-------+---------+---------+-------+---------
         Total |       0 |      33 |   0.0 |       0 |      17 |   0.0 |   834
               +---------+---------+-------+---------+---------+-------+---------
           D:1 |       0 |      26 |   0.0 |       0 |      14 |   0.0 |   753
           D:2 |       0 |       7 |   0.0 |       0 |       3 |   0.0 |    81
               +---------+---------+-------+---------+---------+-------+---------
